 Dungeon Crawl Stone Soup version 0.30-a0-25-gacc37e2db0 (webtiles) character file.

Game seed: 3125976555200498974

58 Bartlander the Shooter (level 4, -7/34 HPs)
             Began as a Barachi Hunter on Aug 25, 2022.
             Mangled by a gnoll
             ... wielding a +0 halberd
              (12 damage)
             ... on level 2 of the Dungeon.
             The game lasted 00:12:32 (2608 turns).

Bartlander the Shooter (Barachi Hunter)             Turns: 2608, Time: 00:12:33

Health: -7/34      AC:  4    Str: 12    XL:     4   Next: 1%
Magic:  4/4        EV: 12    Int: 10    God:
Gold:   125        SH:  5    Dex: 17    Spells: 3/3 levels left

rFire   . . .      SeeInvis .    a - +0 shortbow
rCold   . . .      Faith    .    (shield currently unavailable)
rNeg    . . .      Spirit   .    c - +0 leather armour
rPois   .          Reflect  +    f - +0 helmet
rElec   .          Harm     .    (no cloak)
rCorr   .          Rampage  .    (no gloves)
Will    .....                    (no boots)
Stlth   ++........               h - amulet of reflection
HPRegen 0.11/turn                g - ring of wizardry
MPRegen 0.09/turn                (no ring)

@: slow
A: amphibious, slowness 1, strong legs 1, +LOS
a: Hop


You were on level 2 of the Dungeon.
You visited 1 branch of the dungeon, and saw 2 of its levels.

You collected 125 gold pieces.

Inventory:

Hand Weapons
 a - a +0 shortbow (weapon)
 b - a +0 spear
 k - a +0 dagger
Armour
 c - a +0 leather armour (worn)
 f - a +0 helmet (worn)
 l - a +0 ring mail
Jewellery
 g - a ring of wizardry (left hand)
 h - an amulet of reflection (around neck)
 n - a ring of resist corrosion
Scrolls
 d - a scroll of immolation
 i - 2 scrolls of poison
 m - a scroll of identify {unknown}
Potions
 e - 3 potions of curing {unknown}
 j - 2 potions of brilliance {unknown}
 o - a potion of mutation {unknown}


   Skills:
 - Level 2.4 Fighting
 + Level 5.4 Ranged Weapons
 - Level 2.2 Dodging
 - Level 0.8 Stealth


You had 3 spell levels left.
You didn't know any spells.
Your spell library was empty.

Dungeon Overview and Level Annotations

Branches:
Dungeon (2/15)

Altars:

Shops:
D:2 (


Innate Abilities, Weirdness & Mutations

You are amphibious.
You cover ground slowly.
You can hop short distances.
You have an extended range of vision and can be seen from far away.


Message History

The gnoll is heavily wounded.
The gnoll hits you with a +0 whip.
Fire: a) +0 shortbow
Press: ? - help, Q - select action, (/) - cycle Shift-Dir - straight line, f/p - gnoll
Aim: a gnoll, wielding a +0 whip (heavily wounded, 66% to hit)
You shoot an arrow. The arrow hits the gnoll!
You kill the gnoll!
Fire: a) +0 shortbow
Press: ? - help, Q - select action, (/) - cycle Shift-Dir - straight line, f - gnoll
Aim: a gnoll, wielding a +3 flail (severely wounded, 66% to hit)
You shoot an arrow. The arrow hits the gnoll.
You kill the gnoll!
You block the gnoll's attack.
You have reached level 4!
You feel clever.
Fire: a) +0 shortbow
Press: ? - help, Q - select action, (/) - cycle Shift-Dir - straight line, f - gnoll
Aim: a gnoll, wielding a +0 halberd (66% to hit)
You shoot an arrow. The arrow closely misses the gnoll.
The gnoll hits you from afar with a +0 halberd!
Fire: a) +0 shortbow
Press: ? - help, Q - select action, (/) - cycle Shift-Dir - straight line, f/p - gnoll
Aim: a gnoll, wielding a +0 halberd (66% to hit)
You shoot an arrow. The arrow barely misses the gnoll.
The gnoll closely misses you.
Fire: a) +0 shortbow
Press: ? - help, Q - select action, (/) - cycle Shift-Dir - straight line, f/p - gnoll
Aim: a gnoll, wielding a +0 halberd (66% to hit)
You shoot an arrow. The arrow barely misses the gnoll.
You block the gnoll's attack.
Fire: a) +0 shortbow
Press: ? - help, Q - select action, (/) - cycle Shift-Dir - straight line, f/p - gnoll
Aim: a gnoll, wielding a +0 halberd (66% to hit)
You shoot an arrow. The arrow hits the gnoll.
The gnoll is lightly wounded.
You are ready to hop once more.
The gnoll hits you from afar with a +0 halberd.
* * * LOW HITPOINT WARNING * * *
The gnoll hits you from afar with a +0 halberd!
You die...

..# #### #... ... # #...# #.# #
#...# #.# # ##...########.# #
............#.# ### #
............#.####.. #
.................#.# #
##...#####.##.##@#.# # .....<.#
#.##.##)#.# # .#...#.#
#.##.##g#.# #
.#...#.###.##.##.#.########## #
.#....÷..÷..................# #
.#.[.#.###........>##.#.###.# #
.#...#.# #.##.###.###.#.###.#####
.∩.....###.##.###.##.....(.......
####.......##.........#.###.#####


You could see a gnoll.

Vanquished Creatures
  2 gnolls (D:2)
  A worm (D:2)
  2 ball pythons (D:1)
  2 bats (D:2)
  4 endoplasms (D:1)
  3 giant cockroaches
  3 goblins
  7 jackals
  2 quokkas
  2 frilled lizards (D:1)
  A kobold (D:1)
  A rat (D:1)
30 creatures vanquished.

Notes
Turn   | Place    | Note
-------+----------+-------------------------------------------
     0 | D:1      | Bartlander the Barachi Hunter began the quest for the Orb.
     0 | D:1      | Reached XP level 1. HP: 17/17 MP: 1/1
   302 | D:1      | Reached XP level 2. HP: 23/23 MP: 2/2
   508 | D:1      | Found a faded altar of an unknown god.
  1709 | D:2      | Found Movoaru's Weapon Emporium.
  2035 | D:2      | Reached XP level 3. HP: 28/28 MP: 3/3
  2205 | D:2      | Reached skill level 5 in Ranged Weapons
  2605 | D:2      | Reached XP level 4. HP: 20/34 MP: 4/4
  2608 | D:2      | Mangled by a gnoll

Illustrated notes

Levels and vault maps discovered:
D:1:      eino_arrival_druids_welcome, layout_basic,
          shapermc_ecumenical_altar_acropolis, hangedman_glass_teeth
D:2:      layout_loops_cross, serial_shops, shop

Skill      XL: |  1  2  3 |
---------------+----------+-----
Ranged Weapons | 5 |  5.4
Fighting       | |  2.4
Dodging        | |  2.2
Stealth        | |  0.8

Action                   |  1- 3 |  4- 6 || total
-------------------------+-------+-------++-------
 Fire: Shortbow          |    84 |     4 ||    88
 Abil: Hop               |     5 |       ||     5
  Use: Scroll            |     3 |       ||     3
Armor: Leather armour    |    16 |       ||    16
Dodge: Dodged            |    22 |     1 ||    23
Block: Other             |     3 |     1 ||     4

Table legend: (Time is in decaauts)
 A = Elapsed time spent in this place.
 B = Non-inter-level travel time spent in this place.
 C = Inter-level travel time spent in this place.
 D = Time resting spent in this place.
 E = Time spent auto-exploring this place.
 F = Levels seen in this place.
 G = Mean time per level.
                   A        B        C        D        E       F      G
               +--------+--------+--------+--------+--------+-----+--------+
         Total |   2843 |   2780 |     63 |   1348 |    927 |   2 | 1421.5 |
       Dungeon |   2843 |   2780 |     63 |   1348 |    927 |   2 | 1421.5 |
               +--------+--------+--------+--------+--------+-----+--------+

Top non-repeatable levels by time:
     D:1: 1923 daAuts
     D:2: 920 daAuts
